 Dungeon Crawl Stone Soup version 0.29.0-4-gdea44cf6ec (webtiles) character file.

Game seed: 16614909566502494616

10 qw the Sneak (level 2, -1/23 HPs)
             Began as a Ghoul Enchanter on Sept 6, 2022.
             Slain by a hobgoblin (2 damage)
             ... on level 1 of the Dungeon.
             The game lasted 00:00:18 (595 turns).

qw the Sneak (Ghoul Enchanter)                       Turns: 595, Time: 00:00:19

Health: -1/23      AC:  2    Str: 11    XL:     2   Next: 20%
Magic:  3/3        EV: 12    Int: 10    God:
Gold:   29         SH:  0    Dex:  9    Spells: 4/4 levels left

rFire   . . .      SeeInvis .   e - +0 short sword
rCold   + . .      Faith    .   (no shield)
rNeg    + + +      Spirit   .   b - +0 robe
rPois   inf        Reflect  .   (no helmet)
rElec   .          Harm     .   (no cloak)
rCorr   .          Rampage  .   (no gloves)
Will    .....                   (no boots)
Stlth   ++........              (no amulet)
HPRegen 0.00/turn               (no ring)
MPRegen 0.08/turn               (no ring)

@: inhibited regen
A: claws 1, cold resistance 1, negative energy resistance 3, inhibited
regeneration, torment resistance 2, devour on kill
a: no special abilities


You were on level 1 of the Dungeon.
You visited 1 branch of the dungeon, and saw 1 of its levels.

You collected 29 gold pieces.


Innate Abilities, Weirdness & Mutations

You are immune to poison.
You have sharp fingernails.
Your flesh is cold resistant. (rC+)
You are immune to negative energy. (rN+++)
You do not regenerate when monsters are visible.
You are immune to unholy pain and torment.
You thrive by killing the living.


   Skills:
 - Level 1.1 Fighting
 - Level 0.8 Short Blades
 + Level 1.1 Axes
 - Level 1.7 Dodging
 - Level 3.2 Stealth
 - Level 1.7 Spellcasting
 - Level 2.4 Hexes


You had 4 spell levels left.
You didn't know any spells.
Your spell library contained the following spells:

 Spells                   Type           Power      Damage    Failure   Level
 Ensorcelled Hibernation  Hex/Ice        6%         N/A       30%         2
 Confusing Touch          Hex            5%         N/A       34%         3
 Tukima's Dance           Hex            5%         N/A       34%         3
 Dazzling Flash           Conj/Hex       6%         N/A       52%         3

Inventory:

Hand Weapons
 e - a +0 short sword (weapon)
Armour
 b - a +0 robe (worn)
 d - a +0 ring mail
Potions
 a - a potion of haste {unknown}
 c - 2 potions of invisibility
 f - a potion of might {unknown}

Dungeon Overview and Level Annotations

Branches:
Dungeon (1/15)

Altars:


Message History

You barely miss the hobgoblin. The hobgoblin hits you.
The endoplasm quivers.
You hit the hobgoblin.
The hobgoblin is severely wounded.
The hobgoblin hits you but does no damage.
The endoplasm jiggles.
The hobgoblin closely misses you.
You hit the hobgoblin.
The hobgoblin is almost dead.
The hobgoblin hits you.
You hit the hobgoblin but do no damage.
The hobgoblin is almost dead.
The hobgoblin hits you.
You closely miss the hobgoblin.
The hobgoblin is almost dead.
The hobgoblin hits you.
You barely miss the hobgoblin.
The hobgoblin is almost dead.
The hobgoblin closely misses you.
585 ||| Stepping ~*~*~tactically~*~*~ (outnumbered).
The endoplasm attacks as you move away! The endoplasm hits you.
586 ||| Stepping ~*~*~tactically~*~*~ (outnumbered).
587 ||| Stepping ~*~*~tactically~*~*~ (outnumbered).
The endoplasm attacks as you move away!
The endoplasm hits you but does no damage.
588 ||| Stepping ~*~*~tactically~*~*~ (outnumbered).
The hobgoblin attacks as you move away! The hobgoblin hits you.
589 ||| Stepping ~*~*~tactically~*~*~ (outnumbered).
590 ||| Stepping ~*~*~tactically~*~*~ (outnumbered).
The endoplasm attacks as you move away! The endoplasm hits you.
You hit the hobgoblin but do no damage.
The hobgoblin is almost dead.
The hobgoblin hits you.
592 ||| Stepping ~*~*~tactically~*~*~ (outnumbered).
593 ||| Stepping ~*~*~tactically~*~*~ (outnumbered).
594 ||| Stepping ~*~*~tactically~*~*~ (outnumbered).
595 ||| Stepping ~*~*~tactically~*~*~ (outnumbered).
The hobgoblin attacks as you move away! The hobgoblin hits you.
You die...

############### # #.............#
# #.##....#####.# #
##.##....##....###
#........####..##. #@.#.....#
#..##8 . ## #Jg#.##### #..... ..
. #..#.########..##8 ...
#.#########..#.##.........#.
....#.#..........#.##.#####...##
.................#.##.#####...##
#....#.#.###.###...............##
.J.........................>..###
...#.#.#.####.###.#.##.........#


You could see an endoplasm and a hobgoblin.

Vanquished Creatures
  A ball python (D:1)
  2 bats (D:1)
  An endoplasm (D:1)
  A giant cockroach (D:1)
  A goblin (D:1)
  A kobold (D:1)
  3 rats (D:1)
10 creatures vanquished.

Vanquished Creatures (others)
  A demonic plant (D:1)
1 creature vanquished.

Grand Total: 11 creatures vanquished

Notes
Turn   | Place    | Note
-------+----------+-------------------------------------------
     0 | D:1      | qw the Ghoul Enchanter began the quest for the Orb.
     0 | D:1      | Reached XP level 1. HP: 14/14 MP: 2/2
     0 | D:1      | 0 ||| qw: Version: 0.1-a-107-g55f7f8b
     0 | D:1      | 0 ||| qw: Game counter: 6029
     0 | D:1      | 0 ||| qw: Always use a shield: true
     0 | D:1      | 0 ||| qw: God list: Okawaru
     0 | D:1      | 0 ||| qw: Allow faded altars: false
     0 | D:1      | 0 ||| qw: Do Orc after D:15 true
     0 | D:1      | 0 ||| qw: Do second Lair branch before Depths: true
     0 | D:1      | 0 ||| qw: Lair rune preference: random
     0 | D:1      | 0 ||| qw: Plans: Normal
     0 | D:1      | 0 ||| PLANNING D:1-11
    14 | D:1      | Noticed a salamander
    14 | D:1      | Noticed a wyvern
    14 | D:1      | Noticed an iguana
    39 | D:1      | Noticed a lindwurm
    39 | D:1      | Noticed a black bear
   221 | D:1      | Reached skill level 1 in Axes
   274 | D:1      | 274 ||| Stepping ~*~*~tactically~*~*~ (stealth).
   286 | D:1      | Reached XP level 2. HP: 17/22 MP: 3/3
   292 | D:1      | Reached skill level 1 in Fighting
   362 | D:1      | 362 ||| SWAPPING to +0 short sword.
   363 | D:1      | 363 ||| DROPPING +1 dagger.
   572 | D:1      | 572 ||| Stepping ~*~*~tactically~*~*~ (stealth).
   573 | D:1      | 573 ||| Stepping ~*~*~tactically~*~*~ (stealth).
   578 | D:1      | 578 ||| Stepping ~*~*~tactically~*~*~ (stealth).
   585 | D:1      | 585 ||| Stepping ~*~*~tactically~*~*~ (outnumbered).
   586 | D:1      | 586 ||| Stepping ~*~*~tactically~*~*~ (outnumbered).
   587 | D:1      | 587 ||| Stepping ~*~*~tactically~*~*~ (outnumbered).
   588 | D:1      | 588 ||| Stepping ~*~*~tactically~*~*~ (outnumbered).
   588 | D:1      | HP: 5/23 [hobgoblin (3)]
   589 | D:1      | 589 ||| Stepping ~*~*~tactically~*~*~ (outnumbered).
   590 | D:1      | 590 ||| Stepping ~*~*~tactically~*~*~ (outnumbered).
   591 | D:1      | HP: 1/23 [hobgoblin (2)]
   592 | D:1      | 592 ||| Stepping ~*~*~tactically~*~*~ (outnumbered).
   593 | D:1      | 593 ||| Stepping ~*~*~tactically~*~*~ (outnumbered).
   594 | D:1      | 594 ||| Stepping ~*~*~tactically~*~*~ (outnumbered).
   595 | D:1      | 595 ||| Stepping ~*~*~tactically~*~*~ (outnumbered).
   595 | D:1      | Slain by a hobgoblin

Levels and vault maps discovered:
D:1:      onia_arrival_zoo_common, layout_basic, shapermc_ecumenical_altar_gd,
          kennysheep_boxes

Skill      XL: |  1  2 |
---------------+-------+-----
Axes           | 1 |  1.1
Fighting       | 1 |  1.1
Short Blades   | |  0.8
Dodging        | |  1.7
Stealth        | |  3.2
Spellcasting   | |  1.7
Hexes          | |  2.4

Action                   || total
-------------------------++-------
Melee: Dagger            ||    33
       Short sword       ||    16
Armor: Robe              ||    10
Dodge: Dodged            ||    30

Table legend:
 A = Non-vault XP
 B = Vault XP
 C = Vault XP percentage of total XP
 D = Non-vault monster count
 E = Vault monster count
 F = Vault count percentage of total count
                 A         B        C        D         E       F
            +---------+---------+-------+---------+---------+-------
      Total |      15 |       0 |   0.0 |      10 |       0 |   0.0
            +---------+---------+-------+---------+---------+-------
        D:1 |      15 |       0 |   0.0 |      10 |       0 |   0.0
            +---------+---------+-------+---------+---------+-------
